 Dungeon Sprint DCSS version 0.21.2 (webtiles) character file.

10000000 Fang the Conqueror (level 27, -28/249 HPs)
             Began as a Demonspawn Gladiator on Feb 7, 2019.
             Was the Champion of Makhleb.
             Annihilated by a large bag of meat
             ... wielding a +9 giant spiked club
              (86 damage)
             ... in the Dungeon (Sprint VIII: "Arena of Blood").
             The game lasted 00:02:45 (100 turns).

Fang the Conqueror (Demonspawn Gladiator)            Turns: 100, Time: 00:02:45

Health: -28/249    AC:  6    Str: 26    XL:     27
Magic:  37/54      EV: 35    Int: 11    God:    Makhleb [******]
Gold:   0          SH:  0    Dex: 15    Spells: 80/80 levels left

rFire    . . .     SeeInvis .   l - +∞ Axe of Woe
rCold    + . .     Gourm    .   (shield currently unavailable)
rNeg     + . .     Faith    .   b - +0 leather armour
rPois    .         Spirit   .   (helmet unavailable)
rElec    .         Reflect  .   (no cloak)
rCorr    .         Harm     .   (no gloves)
MR       ++...     NoTele   +   (no boots)
Stlth    +++++++++.             (no amulet)
HPRegen  0.51/turn              (no ring)
MPRegen  0.34/turn              (no ring)

@: drained, repel missiles
A: horns 3, repulsion field 3, cold resistance 1, foul stench 2, icemail,
negative energy resistance 1, 50% torment resistance, black mark, rot immunity,
freezing cloud immunity
a: Minor Destruction, Lesser Servant of Makhleb, Major Destruction, Greater
Servant of Makhleb, Renounce Religion


You were in the Dungeon.
You worshipped Makhleb.
Makhleb was exalted by your worship.
You were not hungry.

You visited 1 branch

Inventory:

Hand Weapons
 a - a +0 war axe
 l - the +∞ Axe of Woe (weapon)
   (You found it in the Dungeon)
Missiles
 d - 3 throwing nets (quivered)
Armour
 b - a +0 leather armour (worn)
 c - a +0 helmet
Scrolls
 k - a scroll of blinking
Potions
 e - a potion of curing
 g - a potion of heal wounds
 h - a potion of haste
 i - 2 potions of magic
 j - a potion of berserk rage
Comestibles
 f - a ration


   Skills:
 O Level 27(26.2) Fighting
 O Level 27(26.2) Axes
 O Level 27(26.2) Throwing
 O Level 27(26.2) Armour
 O Level 27(26.2) Dodging
 O Level 27(26.2) Stealth
 O Level 27(26.2) Unarmed Combat
 O Level 27(26.2) Spellcasting
 O Level 27(26.2) Invocations


You had 80 spell levels left.
You didn't know any spells.

Dungeon Overview and Level Annotations

Branches:
Dungeon (1/1)

Altars:
Makhleb


Innate Abilities, Weirdness & Mutations

You have a pair of large horns on your head.
You are surrounded by a strong repulsion field. (EV +4, RMsl)
Your flesh is cold resistant. (rC+)
You frequently emit foul miasma when damaged in melee.
A meltable icy envelope protects you from harm. (AC +0)
You resist negative energy. (rN+)
You are somewhat able to resist unholy torments (1 in 2 success).
Your melee attacks may debilitate your foes.
You are immune to rotting.
You are immune to freezing clouds.


Message History

A meat berserker comes into view. It is wielding a +9 battleaxe.
You hear a shout! x3; You feel something staring at you.
Something smites you!
You hear a shout!
The destroyer blinks!
You hear a shout!
A bolt of negative energy appears from out of thin air!
Deactivating autopickup; reactivate with Ctrl-A.
The bolt of negative energy hits you! You partially resist.
You feel drained.
The bolt of negative energy hits the destroyer.
The destroyer completely resists.
The accursed casts a spell at you. Something smites you!
The tyrant waves its bony arms in wide circles.
The air twists around and strikes you!
* * * LOW HITPOINT WARNING * * *
You hear a shout!
The large bag of meat is engulfed in blazing flames.
The large bag of meat hits you with a +9 giant spiked club!!!!
You die...

. #...V...# ..
....###.2.§)))###...
...%...%O###))%.....
.#..L....._)))......
....X..#)..))#......
....X.X#_.<)_#......
....X.X#.§V))#......
.#M.o..§V)_.........
..{o..oO@###........
M...###§%)....###...
... #{))§..%# .
#W...%..# .....%....
.%.....%...
........o...
............#
...#........#.


You could see an accursed, a tentacled monstrosity, a meat beast (wandering), a
tyrant, 2 destroyers, a large bag of meat (inner flame), 4 large abominations, a
dread, a meat berserker (berserk) and 4 bags of meat.

Vanquished Creatures
  7 hell beasts (D)
  A greater mummy (D)
  A great orb of eyes (D)
  A wraith (D)
  Harold (D)
  13 vampire knights (D)
  28 ogres (D)
  7 two-headed ogres (D)
  6 liches (D)
  61 orcs (D)
  3 phantoms (D)
  4 skeletal warriors (D)
  4 large abominations (D)
  10 small abominations (D)
  9 crawling corpses (D)
156 creatures vanquished.

Vanquished Creatures (others)
  4 crawling corpses (D)
4 creatures vanquished.

Grand Total: 160 creatures vanquished

Notes
Turn   | Place    | Note
-------+----------+-------------------------------------------
     0 | D        | Found the +∞ Axe of Woe
     0 | D        | Fang the Demonspawn Gladiator began the quest for the Orb.
     0 | D        | Reached XP level 1. HP: 16/16 MP: 1/1
     4 | D        | Became a worshipper of Makhleb the Destroyer
     5 | D        | Noticed a bag of meat
     7 | D        | Noticed a meat berserker
     7 | D        | Noticed a bag of meat
     8 | D        | Noticed a bag of meat
     8 | D        | Noticed a bag of meat
     8 | D        | Noticed a bag of meat
     9 | D        | Killed a meat berserker
     9 | D        | Reached skill level 15 in Axes
     9 | D        | Reached skill level 15 in Throwing
     9 | D        | Reached skill level 15 in Dodging
     9 | D        | Gained mutation: Your flesh is cold resistant. (rC+) [demonic ancestry]
     9 | D        | Reached XP level 2. HP: 46/46 MP: 2/2
     9 | D        | Reached XP level 3. HP: 52/52 MP: 3/3
     9 | D        | Gained mutation: You are immune to freezing clouds. [demonic ancestry]
     9 | D        | Reached XP level 4. HP: 59/59 MP: 4/4
     9 | D        | Reached XP level 5. HP: 66/66 MP: 5/5
     9 | D        | Gained mutation: You have a pair of small horns on your head. [demonic ancestry]
     9 | D        | Reached XP level 6. HP: 73/73 MP: 6/6
     9 | D        | Gained mutation: You are surrounded by a mild repulsion field. (EV +2) [demonic ancestry]
     9 | D        | Reached XP level 7. HP: 79/79 MP: 7/7
     9 | D        | Reached XP level 8. HP: 86/86 MP: 8/8
     9 | D        | Reached XP level 9. HP: 92/92 MP: 9/9
     9 | D        | Gained mutation: You have a pair of horns on your head. [demonic ancestry]
     9 | D        | Reached XP level 10. HP: 100/100 MP: 10/10
     9 | D        | Gained mutation: You are surrounded by a moderate repulsion field. (EV +3) [demonic ancestry]
     9 | D        | Reached XP level 11. HP: 106/106 MP: 11/11
     9 | D        | Reached XP level 12. HP: 113/113 MP: 12/12
     9 | D        | Gained mutation: You have a pair of large horns on your head. [demonic ancestry]
     9 | D        | Reached XP level 13. HP: 119/119 MP: 13/13
    10 | D        | Killed a bag of meat
    10 | D        | Reached * piety under Makhleb
    11 | D        | Noticed a bag of meat
    11 | D        | Noticed a bag of meat
    11 | D        | Noticed a meat berserker
    12 | D        | Noticed a bag of meat
    12 | D        | Killed a bag of meat
    12 | D        | Gained mutation: A meltable icy envelope protects you from harm. (AC +0) [demonic ancestry]
    12 | D        | Reached XP level 14. HP: 98/133 MP: 14/14
    12 | D        | Killed a bag of meat
    13 | D        | Noticed a meat berserker
    13 | D        | Killed a bag of meat
    13 | D        | Reached ** piety under Makhleb
    13 | D        | Reached XP level 15. HP: 106/144 MP: 15/15
    14 | D        | Noticed a meat berserker
    15 | D        | Killed a meat berserker
    15 | D        | Gained mutation: You are immune to rotting. [demonic ancestry]
    15 | D        | Reached XP level 16. HP: 157/157 MP: 16/16
    16 | D        | Noticed a meat berserker
    17 | D        | Noticed a large bag of meat
    17 | D        | Noticed a meat berserker
    17 | D        | Reached *** piety under Makhleb
    19 | D        | Killed a meat berserker
    19 | D        | Gained mutation: You resist negative energy. (rN+) [demonic ancestry]
    19 | D        | Reached XP level 17. HP: 49/171 MP: 17/17
    19 | D        | Killed a meat berserker
    19 | D        | Reached **** piety under Makhleb
    19 | D        | Reached skill level 27 in Fighting
    20 | D        | Killed a meat berserker
    20 | D        | Reached skill level 27 in Axes
    20 | D        | Reached skill level 27 in Throwing
    20 | D        | Reached skill level 27 in Dodging
    20 | D        | Reached skill level 1 in Invocations
    20 | D        | Gained mutation: You are surrounded by a strong repulsion field. (EV +4, RMsl) [demonic ancestry]
    20 | D        | Reached XP level 18. HP: 182/182 MP: 18/18
    22 | D        | Reached ***** piety under Makhleb
    22 | D        | Reached skill level 10 in Armour
    22 | D        | Reached skill level 10 in Unarmed Combat
    22 | D        | Reached skill level 10 in Spellcasting
    22 | D        | Reached XP level 19. HP: 189/189 MP: 18/33
    24 | D        | Killed a meat berserker
    24 | D        | Reached skill level 15 in Stealth
    25 | D        | Reached skill level 15 in Armour
    25 | D        | Reached skill level 15 in Unarmed Combat
    25 | D        | Reached skill level 15 in Spellcasting
    26 | D        | Noticed a meat berserker
    26 | D        | Noticed a destroyer
    26 | D        | Noticed a destroyer
    26 | D        | Gained mutation: You may emit foul miasma when damaged in melee. [demonic ancestry]
    26 | D        | Reached XP level 20. HP: 197/197 MP: 18/41
    28 | D        | Noticed a large bag of meat
    29 | D        | Reached ****** piety under Makhleb
    29 | D        | Killed a large bag of meat
    29 | D        | Killed a destroyer
    29 | D        | Reached skill level 27 in Invocations
    29 | D        | Reached XP level 21. HP: 204/204 MP: 19/46
    31 | D        | Noticed a destroyer
    32 | D        | Noticed The Servant
    34 | D        | Killed a destroyer
    34 | D        | Reached XP level 22. HP: 212/212 MP: 20/51
    35 | D        | Reached skill level 27 in Stealth
    35 | D        | Reached skill level 27 in Armour
    35 | D        | Reached skill level 27 in Unarmed Combat
    35 | D        | Reached skill level 27 in Spellcasting
    36 | D        | Noticed a destroyer
    37 | D        | Killed a large bag of meat
    37 | D        | Gained mutation: You are somewhat able to resist unholy torments (1 in 2 success). [demonic ancestry]
    37 | D        | Reached XP level 23. HP: 219/219 MP: 21/54
    39 | D        | Noticed a destroyer
    41 | D        | Noticed a destroyer
    42 | D        | Noticed a destroyer
    43 | D        | Reached XP level 24. HP: 100/227 MP: 22/54
    44 | D        | Noticed a destroyer
    45 | D        | Killed a destroyer
    45 | D        | Killed a destroyer
    48 | D        | Killed a destroyer
    48 | D        | Gained mutation: Your melee attacks may debilitate your foes. [demonic ancestry]
    48 | D        | Reached XP level 25. HP: 107/234 MP: 24/54
    48 | D        | Killed a destroyer
    48 | D        | Killed The Servant
    49 | D        | Noticed a large bag of meat
    50 | D        | Noticed a large bag of meat
    50 | D        | Noticed an accursed
    50 | D        | Reached XP level 26. HP: 242/242 MP: 24/54
    51 | D        | Noticed a large bag of meat
    51 | D        | Noticed a tyrant
    51 | D        | Noticed a tyrant
    51 | D        | Noticed a tyrant
    52 | D        | Killed a destroyer
    54 | D        | Killed an accursed
    54 | D        | Killed a tyrant
    54 | D        | Gained mutation: You frequently emit foul miasma when damaged in melee. [demonic ancestry]
    54 | D        | Reached XP level 27. HP: 249/249 MP: 25/54
    54 | D        | Killed a large bag of meat
    55 | D        | Killed a destroyer
    57 | D        | Noticed a destroyer
    59 | D        | Killed a large bag of meat
    60 | D        | Killed a tyrant
    62 | D        | Noticed a tyrant
    62 | D        | Killed a destroyer
    65 | D        | Noticed a large bag of meat
    69 | D        | Noticed a tyrant
    69 | D        | Noticed a destroyer
    70 | D        | Noticed a destroyer
    70 | D        | Noticed a meat beast
    70 | D        | Noticed a destroyer
    72 | D        | Noticed a tyrant
    72 | D        | Killed a destroyer
    74 | D        | Killed a tyrant
    75 | D        | Killed a large bag of meat
    76 | D        | Noticed a meat beast
    76 | D        | Killed a destroyer
    77 | D        | Noticed a destroyer
    78 | D        | Killed a tyrant
    78 | D        | Killed a meat beast
    79 | D        | Killed a meat beast
    79 | D        | Killed a large bag of meat
    81 | D        | Killed a destroyer
    83 | D        | Noticed a meat beast
    83 | D        | Noticed a destroyer
    84 | D        | Killed a meat beast
    85 | D        | Noticed an accursed
    87 | D        | Noticed a dread
    88 | D        | Noticed a meat beast
    88 | D        | Noticed a meat beast
    89 | D        | Noticed a meat beast
    90 | D        | Noticed a large bag of meat
    91 | D        | Killed a tyrant
    92 | D        | Noticed a large bag of meat
    92 | D        | Noticed a tyrant
    92 | D        | Killed a meat beast
    92 | D        | Killed a meat beast
    93 | D        | Noticed a meat beast
    93 | D        | Noticed a destroyer
    93 | D        | Noticed a dread
    93 | D        | Killed a meat beast
    93 | D        | Killed a tyrant
    97 | D        | Killed a destroyer
    97 | D        | Killed a meat beast
    99 | D        | Killed a large bag of meat
    99 | D        | Killed a dread
   100 | D        | Annihilated by a large bag of meat

Skill      XL: |  1  2  3  4  5  6  7  8  9 10 11 12 13 14 15 16 17 18 19 20 21 22 |
---------------+-------------------------------------------------------------------+-----
Fighting       | 16 19 21 23 26 27 | 27.0
Axes           | 15 18 19 22 24 27 | 27.0
Throwing       | 15 18 19 21 24 27 | 27.0
Dodging        | 15 18 19 22 24 27 | 27.0
Invocations    | 1 14 22 27 | 27.0
Armour         | 10 17 21 25 27 | 27.0
Stealth        | 11 18 23 26 27 | 27.0
Unarmed Combat | 10 17 21 25 27 | 27.0
Spellcasting   | 10 17 21 25 27 | 27.0

Action                   |  1- 3 |  4- 6 |  7- 9 | 10-12 | 13-15 | 16-18 | 19-21 | 22-24 | 25-27 || total
-------------------------+-------+-------+-------+-------+-------+-------+-------+-------+-------++-------
Melee: Executioner's axe |     1 |       |       |       |     4 |     4 |     8 |    13 |    42 ||    72
Armor: Leather armour    |       |       |       |       |       |       |       |       |     1 ||     1
Dodge: Dodged            |       |       |       |       |     2 |       |     3 |     1 |     7 ||    13
